 Dungeon Crawl Stone Soup version 0.30-a0-613-gdd512c7efb (webtiles) character file.

Game seed: 16105639416453123933

107 bmack86 the Trooper (level 4, -3/41 HPs)
             Began as a Minotaur Fighter on Jan 8, 2023.
             Killed by nerve-wracking pain
             ... invoked by Grinder
              (12 damage)
             ... on level 3 of the Dungeon.
             The game lasted 00:05:23 (2363 turns).

bmack86 the Trooper (Minotaur Fighter)              Turns: 2363, Time: 00:05:24

Health: -3/41      AC:  8    Str: 22    XL:     4   Next: 57%
Magic:  3/3        EV:  9    Int:  5    God:
Gold:   168        SH:  4    Dex: 10    Spells: 3/3 levels left

rFire   . . .      SeeInvis .    a - +0 war axe
rCold   . . .      Faith    .    c - +0 buckler
rNeg    . . .      Spirit   .    b - +0 scale mail
rPois   .          Reflect  .    (helmet restricted)
rElec   .          Harm     .    j - +0 cloak
rCorr   .          Rampage  .    (no gloves)
Will    .....                    (no boots) Stlth
                                 (no amulet)
HPRegen 0.26/turn                (no ring)
MPRegen 0.08/turn                (no ring)

@: no status effects
A: horns 2, retaliatory headbutt
a: no special abilities


You were on level 3 of the Dungeon.
You visited 1 branch of the dungeon, and saw 3 of its levels.

You collected 168 gold pieces.

Inventory:

Hand Weapons
 a - a +0 war axe (weapon)
Missiles
 l - 5 poisoned darts (quivered)
 v - 2 atropa-tipped darts
Armour
 b - a +0 scale mail (worn)
 c - a +0 buckler (worn)
 j - a +0 cloak (worn)
Scrolls
 f - a scroll of silence {unknown}
 g - a scroll of poison {unknown}
 h - a scroll of magic mapping {unknown}
 i - a scroll of enchant weapon {unknown}
 m - 3 scrolls of teleportation {unknown}
 n - a scroll of noise {unknown}
 o - 2 scrolls of fear {unknown}
 p - a scroll of fog {unknown}
 q - 2 scrolls of blinking {unknown}
 u - a scroll of vulnerability {unknown}
Potions
 d - a potion of might
 e - a potion of degeneration {unknown}
 k - 2 potions of curing
 r - a potion of heal wounds
 s - a potion of invisibility
 t - a potion of brilliance {unknown}


   Skills:
 * Level 4.7 Fighting
 * Level 3.7 Axes
 + Level 0.9 Throwing
 + Level 4.2 Armour
 + Level 4.2 Shields


You had 3 spell levels left.
You didn't know any spells.
Your spell library was empty.

Dungeon Overview and Level Annotations

Branches:
Dungeon (3/15)

Altars:

Annotations:
D:3 Grinder


Innate Abilities, Weirdness & Mutations

You have a pair of horns on your head.
You reflexively headbutt those who attack you in melee.


Message History

You barely resist. You hit Grinder.
Grinder is lightly wounded.
Grinder blinks!
Grinder gestures at you. You resist with significant effort.
Grinder blinks!
Grinder gestures at you. Pain shoots through your body!
Grinder hits you but does no damage. Grinder barely misses you.
You barely miss Grinder.
Grinder is lightly wounded.
Grinder barely misses you. Grinder hits you but does no damage.
You hit Grinder.
Grinder is moderately wounded.
Grinder gestures at you.
You suddenly lose the ability to move!
Grinder hits you but does no damage. x2
Grinder hits you.
You writhe in agony.
Grinder completely misses you.
You can move again.
You completely miss Grinder. You headbutt Grinder, but do no damage.
Grinder is moderately wounded.
You block Grinder's attack. Grinder hits you.
You writhe in agony.
You completely miss Grinder.
Grinder is moderately wounded.
Grinder gestures at you. Pain shoots through your body!
* * * LOW HITPOINT WARNING * * *
You barely miss Grinder. Your headbutt misses Grinder.
Grinder is moderately wounded.
Grinder gestures at you. Pain shoots through your body!
* * * LOW HITPOINT WARNING * * *
You hit Grinder.
Grinder is moderately wounded.
Grinder gestures at you. Pain shoots through your body!
You die...

##### ##.####### #.#.#
#..÷# #.#)# #...# #.#..
#...######## #.###
#..........# #.#
######...####...###.# #
#####..†..............#.###
#.....................#.##.
#.###>....@...........#.###
######5..####...##..# #
#............##.## #
#..........)....# #
#........##.##..## #
#........##.##...###
#..#.#...##.........
#........###.......#
####.....#.###........


You could see Grinder.

Vanquished Creatures
  A gnoll (D:3)
  3 adders (D:3)
  A worm (D:3)
  3 orcs (D:3)
  3 endoplasms
  2 giant cockroaches
  6 goblins
  8 hobgoblins
  6 jackals
  6 kobolds
  A quokka (D:3)
  6 ball pythons
  4 bats
  A frilled lizard (D:1)
  10 rats
61 creatures vanquished.

Notes
Turn   | Place    | Note
-------+----------+-------------------------------------------
     0 | D:1      | bmack86 the Minotaur Fighter began the quest for the Orb.
     0 | D:1      | Reached XP level 1. HP: 19/19 MP: 0/0
   234 | D:1      | Reached XP level 2. HP: 27/27 MP: 1/1
   815 | D:2      | Found a faded altar of an unknown god.
   923 | D:2      | Reached XP level 3. HP: 33/33 MP: 2/2
  1934 | D:3      | Reached XP level 4. HP: 31/41 MP: 3/3
  2337 | D:3      | Noticed Grinder
  2355 | D:3      | Paralysed by Grinder for 5 turns
  2363 | D:3      | Killed from afar by Grinder

Illustrated notes

Levels and vault maps discovered:
D:1:      minmay_arrival_statue_studded, layout_loops_ring, minmay_distorted
D:2:      layout_basic, shapermc_ecumenical_altar_petra
D:3:      minmay_chambers_of_threes, layout_loops_cross, serial_park_tiny_pond,
          uniq_grinder

Skill      XL: |  1  2  3 |
---------------+----------+-----
Fighting       | 4 |  4.7
Axes           | 3 |  3.7
Armour         | 4 |  4.2
Shields        | 4 |  4.2
Throwing       | |  0.9

Action                   |  1- 3 |  4- 6 || total
-------------------------+-------+-------++-------
Melee: War axe           |    87 |    37 ||   124
       Headbutt          |    15 |     6 ||    21
  Use: Scroll            |     3 |       ||     3
Armor: Scale mail        |    51 |    27 ||    78
Dodge: Dodged            |    45 |    19 ||    64
Block: Buckler           |    21 |    14 ||    35

Table legend: (Time is in decaauts)
 A = Elapsed time spent in this place.
 B = Non-inter-level travel time spent in this place.
 C = Inter-level travel time spent in this place.
 D = Time resting spent in this place.
 E = Time spent auto-exploring this place.
 F = Levels seen in this place.
 G = Mean time per level.
                   A        B        C        D        E       F      G
               +--------+--------+--------+--------+--------+-----+--------+
         Total |   2409 |   2326 |     83 |      0 |   1777 |   3 |  803.0 |
       Dungeon |   2409 |   2326 |     83 |      0 |   1777 |   3 |  803.0 |
               +--------+--------+--------+--------+--------+-----+--------+

Top non-repeatable levels by time:
     D:2: 976 daAuts
     D:1: 763 daAuts
     D:3: 669 daAuts
